 Dungeon Crawl Stone Soup version 0.26-a0-712-ga5a9c9c9d0 (webtiles) character file.

Game seed: 16031942263455038090

7557 pkoi the Grappler (level 10, -4/90 HPs)
             Began as a Minotaur Monk on Oct 31, 2020.
             Was a Priest of Qazlal.
             Slain by a boulder beetle (33 damage)
             ... on level 8 of the Dungeon.
             The game lasted 00:11:31 (10209 turns).

pkoi the Grappler (Minotaur Monk)                  Turns: 10209, Time: 00:11:32

Health: -4/90      AC: 18    Str: 19    XL:     10   Next: 96%
Magic:  13/13      EV:  9    Int:  7    God:    Qazlal [***...]
Gold:   411        SH:  9    Dex: 13    Spells: 9/9 levels left

rFire    + + .     SeeInvis .     - Unarmed
rCold    + . .     Faith    .   (no shield)
rNeg     + . .     Spirit   .   r - +3 chain mail {MR+}
rPois    .         Reflect  +   i - +1 hat
rElec    .         Harm     .   E - scarf {rC+ rF+}
rCorr    .         Rampage  .   h - +2 pair of gloves {archery}
MR       +....                  (no boots)
Stlth    ..........             o - amulet of reflection
HPRegen  0.25/turn              e - ring of protection from fire
MPRegen  0.13/turn              k - ring of positive energy

@: no status effects
A: retaliatory headbutt, horns 2
a: Upheaval, Elemental Force, Renounce Religion


You were on level 8 of the Dungeon.
You worshipped Qazlal.
Qazlal was most pleased with you.
You visited 2 branches of the dungeon, and saw 10 of its levels.

You collected 543 gold pieces.
You spent 132 gold pieces at shops.

Inventory:

Missiles
 p - 21 poisoned darts (quivered)
 x - 4 throwing nets
 A - 4 boomerangs
Armour
 h - a +2 pair of gloves of archery (worn)
 i - a +1 hat (worn)
 q - a +0 cloak
 r - a +3 chain mail of magic resistance (worn)
 E - a scarf of resistance (worn)
Jewellery
 e - a ring of protection from fire (left hand)
 k - a ring of positive energy (right hand)
 n - an uncursed amulet of faith
 o - an amulet of reflection (around neck)
 G - a cursed ring of teleportation {unknown}
 I - a cursed amulet of inaccuracy {unknown}
Wands
 j - a wand of acid (11)
 y - a wand of polymorph (9)
 C - a wand of disintegration (16)
 D - a wand of flame (7)
 J - a wand of digging (7)
Scrolls
 b - 6 scrolls of identify
 d - a scroll of blinking
 f - 8 scrolls of teleportation
 g - 4 scrolls of magic mapping
 m - 5 scrolls of remove curse
 w - a scroll of enchant weapon
Potions
 a - 2 potions of curing
 c - 2 potions of invisibility
 l - 2 potions of might {unknown}
 s - a potion of stabbing {unknown}
 t - 2 potions of ambrosia {unknown}
 u - 5 potions of flight
 v - a potion of mutation {unknown}
 z - a potion of resistance {unknown}
 B - a potion of haste
 F - a potion of heal wounds {unknown}
 H - a potion of brilliance {unknown}


   Skills:
 + Level 8.5 Fighting
 - Level 6.2 Throwing
 + Level 9.6 Armour
 - Level 3.2 Dodging
 - Level 1.5 Stealth
 + Level 11.2 Unarmed Combat
 + Level 6.2 Invocations


You had 9 spell levels left.
You didn't know any spells.
Your spell library contained the following spells:

 Spells                   Type           Power        Failure   Level
 Summon Small Mammal      Summ           #...         98%         1
 Call Imp                 Summ           #.......     99%         2
 Call Canine Familiar     Summ           #.......     100%        3
 Summon Guardian Golem    Hex/Summ       #.......     100%        3
 Cause Fear               Hex            #.........   100%        4
 Summon Ice Beast         Ice/Summ       #.......     100%        4
 Summon Lightning Spire   Summ/Air       #.......     100%        4
 Silence                  Hex/Air        #.........   100%        5
 Yara's Violent Unravell  Hex/Tmut       #.........   100%        5
 Discord                  Hex            #.........   100%        8


Dungeon Overview and Level Annotations

Branches:
Dungeon (9/15)             Temple (1/1) D:5
   Lair: D:8-11         Orc: D:9-12

Altars:
Ashenzari
Cheibriados
Dithmenos
Elyvilon
Fedhas
Gozag
Hepliaklqana
Kikubaaqudgha
Makhleb
Nemelex Xobeh
Okawaru
Qazlal
Ru
Sif Muna
Trog
Uskayaw
Wu Jian
Xom
Yredelemnul
Zin
The Shining One

Shops:
D:4 (   D:7 !   D:8 :((


Innate Abilities, Weirdness & Mutations

You reflexively headbutt those who attack you in melee.
You have a pair of horns on your head.


Message History

You hit the boulder beetle but do no damage.
The boulder beetle is almost dead.
The boulder beetle blinks!
Throwing (i - inventory. (/) - cycle)
p - 23 poisoned darts (quivered)
Press: ? - help, Shift-Dir - straight line, f - boulder beetle
Aim: a boulder beetle (almost dead)
You throw a poisoned dart.
The poisoned dart hits the boulder beetle!
The boulder beetle is poisoned.
The boulder beetle is almost dead.
Throwing (i - inventory. (/) - cycle)
p - 22 poisoned darts (quivered)
Press: ? - help, Shift-Dir - straight line, f/p - boulder beetle
Aim: a boulder beetle (almost dead, very poisoned)
You throw a poisoned dart.
The poisoned dart hits the boulder beetle.
The boulder beetle looks even sicker.
The boulder beetle is almost dead.
The boulder beetle curls into a ball and begins rolling!
The boulder beetle hits you!!
You die...

#.......## #####....#
################....##
#>....... ....##.....#
#........ ...##.....#
#..#########..##.....#
#..#.......#..##....##
#..#.......#..##...##
#..#..@...(#..##..##
#...).B°°.....##..#
#..#§......#..##..#
#..#..§....#..###.##
#..#.......#..###..####
#..#########..##.).....
#... ....##....... #...
...<##...)### ####
#######.....##


You could see a boulder beetle (very poisoned).

Vanquished Creatures
  Harold (D:6)
  Pikel (D:7)
  A deep elf mage (D:8)
  Joseph (D:7)
  Psyche (D:9)
  9 yaks (D:8)
  Duvessa (D:7)
  An orc warrior (D:8)
  A sky beast (D:5)
  2 ice beasts
  A black bear (D:9)
  A necrophage (D:8)
  6 ogres
  A centaur (D:5)
  3 lemures (D:7)
  2 big kobolds
  8 bullfrogs
  A wyvern zombie (D:8)
  7 scorpions
  A wyvern skeleton (D:8)
  Dowan (D:7)
  3 killer bees (D:4)
  4 wights (D:7)
  4 howler monkeys
  2 quasits (D:8)
  3 bullfrog zombies
  2 hounds
  A centaur zombie (D:5)
  6 orc priests
  3 bullfrog skeletons
  7 orc wizards
  4 iguanas
  4 worker ants
  A killer bee zombie (D:6)
  A worker ant zombie (D:9)
  A howler monkey zombie (D:7)
  9 adders
  2 white imps
  2 ufetubi
  2 adder skeletons
  4 worms
  2 dart slugs
  2 leopard geckos
  18 orcs
  3 ball pythons
  4 giant cockroaches
  5 goblins (D:2)
  8 hobgoblins
  6 jackals
  4 quokkas
  11 bats
  2 frilled lizards
  15 kobolds
  A leopard gecko skeleton (D:7)
  4 rats
201 creatures vanquished.

Notes
Turn   | Place    | Note
-------+----------+-------------------------------------------
     0 | D:1      | pkoi the Minotaur Monk began the quest for the Orb.
     0 | D:1      | Reached XP level 1. HP: 19/19 MP: 0/0
   709 | D:2      | Reached skill level 4 in Unarmed Combat
   709 | D:2      | Reached XP level 2. HP: 22/26 MP: 1/1
   960 | D:2      | Reached XP level 3. HP: 31/31 MP: 2/2
  1210 | D:2      | Reached skill level 1 in Armour
  1462 | D:3      | Noticed a bullfrog
  1494 | D:2      | Killed a bullfrog
  1494 | D:2      | Reached skill level 5 in Unarmed Combat
  1494 | D:2      | Reached XP level 4. HP: 13/39 MP: 3/3
  1717 | D:3      | Reached XP level 5. HP: 36/45 MP: 4/4
  1803 | D:3      | Reached skill level 6 in Unarmed Combat
  3016 | D:4      | Found a white marble altar of Elyvilon.
  3074 | D:4      | Reached XP level 6. HP: 39/51 MP: 5/5
  3409 | D:4      | Found Dicualiph's Weapon Boutique.
  3496 | D:4      | Reached skill level 7 in Unarmed Combat
  3918 | D:4      | Reached XP level 7. HP: 57/57 MP: 6/6
  4036 | D:4      | Reached skill level 8 in Unarmed Combat
  4076 | D:5      | Entered Level 5 of the Dungeon
  4108 | D:5      | Reached skill level 5 in Armour
  4154 | D:5      | Found a blossoming altar of Fedhas.
  4735 | D:5      | Found a staircase to the Ecumenical Temple.
  4747 | D:5      | Reached skill level 9 in Unarmed Combat
  4761 | Temple   | Entered the Ecumenical Temple
  5000 | Temple   | Became a worshipper of Qazlal Stormbringer
  5000 | Temple   | Reached * piety under Qazlal
  5000 | Temple   | Reached ** piety under Qazlal
  5028 | D:5      | Reached XP level 8. HP: 51/66 MP: 7/7
  5030 | D:5      | Reached skill level 1 in Throwing
  5030 | D:5      | Reached skill level 1 in Invocations
  6152 | D:7      | Found Tuc Hiwu's Distillery.
  6474 | D:7      | Noticed Duvessa
  6515 | D:7      | Noticed Dowan
  6565 | D:7      | Noticed Harold
  6583 | D:6      | Killed Harold
  6583 | D:6      | Reached skill level 5 in Fighting
  6583 | D:6      | Reached XP level 9. HP: 46/75 MP: 1/10
  7028 | D:7      | Noticed Joseph
  7051 | D:7      | Killed Joseph
  7051 | D:7      | Reached skill level 10 in Unarmed Combat
  7135 | D:7      | Bought a potion of haste for 120 gold pieces
  7135 | D:7      | Bought a potion of degeneration for 12 gold pieces
  7415 | D:7      | Noticed Pikel
  7439 | D:7      | Killed Pikel
  7442 | D:7      | Killed Dowan
  7459 | D:7      | Killed Duvessa
  7621 | D:7      | Found a basalt altar of Yredelemnul.
  7901 | D:8      | Reached XP level 10. HP: 47/86 MP: 12/12
  8158 | D:8      | Reached skill level 5 in Throwing
  8215 | D:8      | Reached skill level 5 in Invocations
  8225 | D:8      | Found Tyeghaur's Antique Weapon Shoppe.
  8280 | D:8      | Found Zumori Uhege's Book Shoppe.
  8432 | D:8      | Found Vomint's Weapon Boutique.
  8529 | D:8      | Noticed a deep elf mage
  8538 | D:8      | Killed a deep elf mage
  8667 | D:8      | Reached *** piety under Qazlal
  9255 | D:8      | Reached skill level 11 in Unarmed Combat
  9830 | D:9      | Noticed Psyche
  9845 | D:9      | Killed Psyche
 10173 | D:8      | Noticed a boulder beetle
 10209 | D:8      | Slain by a boulder beetle

Illustrated notes

Levels and vault maps discovered:
D:1:      noname_arrival_rooms_in_the_neighbourhood, layout_basic
D:2:      kennysheep_six_static_rooms, layout_basic
D:3:      layout_basic, uniq_grinder
D:4:      layout_loops_corners, old_standard_altar, serial_shops, shop
D:5:      layout_basic, fedhas_bush_and_centaur_altar,
          minmay_temple_entry_stoned_glass
D:6:      layout_loops_cross
D:7:      layout_cave_pods, kennysheep_mini_moat, serial_shops, shop,
          uniq_harold, uniq_joseph, uniq_duvessa, uniq_pikel
D:8:      cheibrodos_elevator_heist, layout_cave_pods, serial_shops,
          nicolae_shop_crystal, shop_fountains, shop, guppyfry_early_elven_hall
D:9:      layout_cave_pools, overflow_temple_1_default, uniq_psyche
Temple:   hc_temple_tempest_star

Skill      XL: |  1  2  3  4  5  6  7  8  9 10 |
---------------+-------------------------------+-----
Unarmed Combat | 4 5 6 7 9 10 11 | 11.2
Armour         | 2 3 4 5 7 8 9 |  9.6
Fighting       | 5 7 8 |  8.5
Throwing       | 3 4 6 |  6.2
Invocations    | 3 4 6 |  6.2
Dodging        | |  3.2
Stealth        | |  1.5

Action                   |  1- 3 |  4- 6 |  7- 9 | 10-12 || total
-------------------------+-------+-------+-------+-------++-------
Melee: Unarmed           |    99 |   143 |   247 |   214 ||   703
       Headbutt          |    10 |    20 |    52 |    54 ||   136
       Punch             |     2 |     3 |     9 |    13 ||    27
Throw: Dart              |       |       |       |     2 ||     2
Invok: Upheaval          |       |       |     4 |     2 ||     6
  Use: Scroll            |       |     7 |     5 |     1 ||    13
       Potion            |       |     3 |       |       ||     3
 Stab: Sleeping          |     1 |       |       |       ||     1
       Invisible         |       |     5 |       |       ||     5
Armor: Robe              |     9 |       |       |       ||     9
       Chain mail        |    37 |    67 |   138 |    95 ||   337
Dodge: Dodged            |    38 |    60 |   102 |    66 ||   266
Block: Other             |       |       |    22 |   102 ||   124
       Reflection        |       |       |       |     5 ||     5

Table legend: (Time is in decaauts)
 A = Elapsed time spent in this place.
 B = Non-inter-level travel time spent in this place.
 C = Inter-level travel time spent in this place.
 D = Time resting spent in this place.
 E = Time spent auto-exploring this place.
 F = Levels seen in this place.
 G = Mean time per level.
                   A        B        C        D        E       F      G
               +--------+--------+--------+--------+--------+-----+--------+
         Total |  10132 |   9729 |    403 |   2772 |   5329 |  10 | 1013.2 |
       Dungeon |   9847 |   9459 |    388 |   2772 |   5079 |   9 | 1094.1 |
        Temple |    284 |    269 |     15 |      0 |    250 |   1 |  284.0 |
               +--------+--------+--------+--------+--------+-----+--------+

Top non-repeatable levels by time:
     D:8: 2111 daAuts
     D:3: 1327 daAuts
     D:5: 1201 daAuts
     D:7: 1191 daAuts
     D:4: 1093 daAuts
     D:6: 1078 daAuts
     D:2: 948 daAuts
     D:1: 681 daAuts
  Temple: 284 daAuts
     D:9: 214 daAuts
